 Dungeon Crawl Stone Soup version 0.30.0-19-g36f170ea60 (webtiles) character file.

Game seed: 3284151601382844304

5050 Revguard the Grasshopper (level 10, -6/74 HPs)
             Began as a Demonspawn Warper on May 18, 2023.
             Was a Priest of Wu Jian.
             Succumbed to Sonja's poison
             ... on level 10 of the Dungeon on May 29, 2023.
             The game lasted 00:38:26 (9360 turns).

Revguard the Grasshopper (Demonspawn Warper)        Turns: 9360, Time: 00:38:26

Health: -6/74      AC: 16    Str: 11    XL:     10   Next: 30%
Magic:  11/17      EV: 14    Int: 14    God:    Wu Jian [***...]
Gold:   621        SH:  0    Dex: 18    Spells: 2/18 levels left

rFire   + . .        t - +2 rapier (venom)
rCold   . . .        (no shield)
rNeg    . . .        b - +1 leather armour
rPois   .            i - +1 helmet
rElec   .            h - +0 cloak
rCorr   .            (no gloves)
SInv    .            (no boots)
Will    .....        q - amulet of magic regeneration
Stlth   +++          l - +4 ring of protection
HPRegen 0.32/turn    r - ring of wizardry
MPRegen 0.70/turn

%: wizardry (x1)
@: lethally poisoned (-6 -> -50), very slightly contaminated, slowed, very slow
A: molten scales 3, ignite blood 2, magic regeneration
a: Renounce Religion, Wall Jump, Serpent's Lash


You were on level 10 of the Dungeon.
You worshipped Wu Jian.
Wu Jian was most pleased with you.
You visited 2 branches of the dungeon, and saw 11 of its levels.
You also visited: Ossuary.

You collected 621 gold pieces.

Inventory:

Hand Weapons
 n - a +3 short sword of venom
 t - a +2 rapier of venom (weapon)
Missiles
 d - 6 boomerangs of dispersal
 H - 2 throwing nets
Armour
 b - a +1 leather armour (worn)
 f - a +0 helmet
 h - a +0 cloak (worn)
 i - a +1 helmet (worn)
Jewellery
 l - a +4 ring of protection (left hand)
 q - an amulet of magic regeneration (around neck)
 r - a ring of wizardry (right hand)
 E - a ring of wizardry
 F - a +6 ring of intelligence
Wands
 A - a wand of mindburst (9)
 D - a wand of iceblast (9)
Scrolls
 a - 3 scrolls of teleportation
 c - a scroll of blinking
 e - a scroll of brand weapon
 g - 5 scrolls of noise
 j - a scroll of torment
 m - 2 scrolls of vulnerability
 p - a scroll of butterflies
 v - 3 scrolls of fear
 x - 2 scrolls of identify
 y - a scroll of silence
 C - 3 scrolls of magic mapping
 J - a scroll of amnesia {unknown}
Potions
 k - 2 potions of flight
 o - 4 potions of might
 s - a potion of brilliance
 u - 2 potions of lignification
 w - 4 potions of curing
 z - 2 potions of invisibility
 B - a potion of mutation
 G - a potion of attraction
 I - 2 potions of ambrosia


   Skills:
 + Level 5.2 Fighting
 + Level 5.0 Short Blades
 - Level 0.8 Throwing
 + Level 4.5 Armour
 + Level 4.9 Dodging
 + Level 4.8 Stealth
 + Level 4.9 Spellcasting
 + Level 4.5 Hexes
 + Level 5.2 Translocations
 + Level 4.2 Air Magic
 + Level 2.9 Evocations


You had 2 spell levels left.
You knew the following spells:

 Your Spells              Type           Power      Damage    Failure   Level
a - Blink                 Tloc           36%        N/A       1%          2
b - Lesser Beckoning      Tloc           36%        N/A       1%          2
c - Vhi's Electric Charg  Tloc/Air       32%        N/A       4%          3
d - Confusing Touch       Hex            16%        N/A       4%          3
e - Manifold Assault      Tloc           18%        N/A       11%         4
f - Passwall              Tmut/Erth      2%         N/A       14%         2

Your spell library contained the following spells:

 Spells                   Type           Power      Damage    Failure   Level
 Apportation              Tloc           36%        N/A       1%          1
 Slow                     Hex            64%        N/A       1%          1
 Kiss of Death            Conj/Necr      12%        2d6       9%          1
 Necrotise                Necr           12%        1d4       9%          1
 Sandblast                Erth           6%         2d5       9%          1
 Summon Small Mammal      Summ           12%        N/A       9%          1
 Teleport Other           Tloc           18%        N/A       3%          3
 Stone Arrow              Conj/Erth      6%         3d7       26%         3
 Vampiric Draining        Necr           3%         2d6       26%         3
 Dispel Undead            Necr           3%         3d7       63%         4
 Arcjolt                  Conj/Air       4%         1d14      67%         5
 Plasma Beam              Fire/Air       4%         2x1d16    99%         6


Dungeon Overview and Level Annotations

Branches:
Dungeon (10/15)            Temple (1/1) D:4            Lair (0/5) D:8
Ossuary (visited)
    Orc: D:9-12

Altars:
Ashenzari
Dithmenos
Fedhas
Gozag
Hepliaklqana
Kikubaaqudgha
Makhleb
Nemelex Xobeh
Okawaru
Qazlal
Ru
Sif Muna
Trog
Uskayaw
Vehumet
Wu Jian
Xom
Yredelemnul

Annotations:
D:10 Sonja


Innate Abilities, Weirdness & Mutations

You are completely covered in molten scales. (AC +4, rF+)
Your demonic aura often causes spilled blood to erupt in flames.
You regenerate magic rapidly.


Message History

You feel extremely sick.
Sonja hits you with a +3 dagger of venom.
You are more poisoned.
Sonja barely misses you. Sonja completely misses you. Sonja closely misses you.
Sonja hits you with a +3 dagger of venom.
Sonja hits you with a +3 dagger of venom!
You are lethally poisoned!
The troll bites you. The troll claws you but does no damage.
The troll misses you.
Sonja says, "I'm academy-trained, you know."
Sonja misses you.
Sonja hits you with a +3 dagger of venom.
You are more poisoned.
Sonja hits you but does no damage.
You are more poisoned.
You feel better.
You feel stable enough to blink again.
Sonja barely misses you. x2; Sonja hits you but does no damage.
You are poisoned.
Sonja hits you but does no damage.
You are more poisoned.
Sonja hits you with a +3 dagger of venom.
You are more poisoned.
Sonja hits you with a +3 dagger of venom.
The troll bites you but does no damage. The troll claws you.
* * * LOW HITPOINT WARNING * * *
The troll claws you but does no damage. Sonja misses you.
Sonja hits you but does no damage.
You are more poisoned.
Sonja hits you with a +3 dagger of venom.
* * * LOW HITPOINT WARNING * * *
You are more poisoned.
The troll bites you!
* * * LOW HITPOINT WARNING * * *
The troll closely misses you. x2
Okay, then.
Blink to where?
Press: ? - help, Dir - move target, p - Sonja
As you read the scroll of blinking, it crumbles to dust.
You die...

............#
........T...#
........K°☼.+
............#
............#
......).....#
########'####
####.# #..@.#
#.#### #.#
###.# #...#
#.### #.# #.#
#.#


You could see a troll and Sonja (fast).

Vanquished Creatures
  A two-headed ogre (D:10)
  5 yaks (D:8)
  A wyvern (D:9)
  A steam dragon (D:7)
  2 water moccasins
  An orc warrior (D:8)
  4 black bears
  A phantom (D:6)
  2 bullfrogs
  A gnoll sergeant (D:9)
  9 scorpions (Ossuary)
  4 wights (D:9)
  6 killer bees (D:9)
  7 howler monkeys (D:9)
  2 centaur zombies (Ossuary)
  5 hounds
  7 orc priests
  2 human zombies (Ossuary)
  5 jellies
  A gnoll bouda (D:5)
  A sleepcap (D:4)
  7 orc wizards
  3 scorpion zombies (Ossuary)
  3 mummies (Ossuary)
  14 gnolls
  4 adders
  A worm (D:3)
  3 dart slugs
  27 orcs
  3 endoplasms
  4 giant cockroaches
  3 gnoll zombies (Ossuary)
  4 goblins (D:1)
  3 hobgoblins
  6 jackals
  7 kobolds
  3 quokkas
  9 ball pythons
  3 bats
  4 frilled lizards
  3 hobgoblin zombies (Ossuary)
  3 kobold zombies (Ossuary)
  2 orc zombies (Ossuary)
  4 rats
191 creatures vanquished.

Notes
Turn   | Place    | Note
-------+----------+-------------------------------------------
     0 | D:1      | Revguard the Demonspawn Warper began the quest for the Orb.
     0 | D:1      | Reached XP level 1. HP: 16/16 MP: 3/3
    82 | D:1      | Found a faded altar of an unknown god.
   133 | D:1      | Reached skill level 1 in Armour
   256 | D:1      | Gained mutation: You are partially covered in molten
                  | scales. (AC +2) [demonic ancestry]
   256 | D:1      | Reached XP level 2. HP: 20/22 MP: 5/5
   809 | D:1      | Learned a level 2 spell: Blink
   812 | D:1      | Learned a level 2 spell: Lesser Beckoning
  1020 | D:2      | Found an ancient bone altar of Kikubaaqudgha.
  1133 | D:2      | Gained mutation: You regenerate magic rapidly. [demonic
                  | ancestry]
  1133 | D:2      | Reached XP level 3. HP: 27/27 MP: 6/6
  1214 | D:2      | Identified a scroll of acquirement
  1296 | D:2      | Acquired a book of Touch
  1585 | D:2      | Reached skill level 1 in Stealth
  2350 | D:3      | Gained mutation: You are mostly covered in molten scales.
                  | (AC +3) [demonic ancestry]
  2350 | D:3      | Reached XP level 4. HP: 34/34 MP: 7/7
  2493 | D:4      | Found a large runed translucent door.
  2494 | D:4      | Found a large runed translucent door.
  2552 | D:4      | Reached skill level 1 in Air Magic
  2552 | D:4      | Reached XP level 5. HP: 15/39 MP: 8/8
  2574 | D:4      | Learned a level 3 spell: Vhi's Electric Charge
  3087 | D:4      | Noticed a black bear
  3098 | D:4      | Killed a black bear
  3099 | D:4      | Reached skill level 1 in Hexes
  3154 | D:4      | Found a staircase to the Ecumenical Temple.
  3773 | Temple   | Entered the Ecumenical Temple
  3971 | Temple   | Became a worshipper of the Wu Jian Council
  4073 | D:4      | Found an iron altar of Okawaru.
  4080 | D:4      | Reached XP level 6. HP: 46/46 MP: 9/9
  4088 | D:4      | Found a stormy altar of Qazlal.
  4125 | D:4      | Learned a level 3 spell: Confusing Touch
  4157 | D:5      | Entered Level 5 of the Dungeon
  4426 | D:5      | Found a hazy altar of Hepliaklqana.
  4478 | D:5      | Reached XP level 7. HP: 52/52 MP: 11/11
  4547 | D:5      | Found a shadowy altar of Dithmenos.
  4615 | D:5      | Found a sand-covered staircase.
  4621 | Ossuary  | Entered an ossuary
  4709 | Ossuary  | Reached * piety under Wu Jian
  5227 | Ossuary  | Acquired a +2 rapier of venom
  5295 | Ossuary  | Gained mutation: Your demonic aura sometimes causes spilled
                  | blood to erupt in flames. [demonic ancestry]
  5295 | Ossuary  | Reached XP level 8. HP: 46/58 MP: 13/13
  5375 | Ossuary  | Upgraded the game from 0.30.0-15-g856e2d3f33 to
                  | 0.30.0-18-gc0e69614cb
  5375 | Ossuary  | Upgraded the game from 0.30.0-18-gc0e69614cb to
                  | 0.30.0-19-g36f170ea60
  5574 | D:5      | Reached ** piety under Wu Jian
  5772 | D:5      | Learned a level 4 spell: Manifold Assault
  5929 | D:6      | You fall into a shaft and drop 3 floors!
  6161 | D:9      | Reached skill level 1 in Evocations
  6161 | D:9      | Gained mutation: You are completely covered in molten
                  | scales. (AC +4, rF+) [demonic ancestry]
  6161 | D:9      | Reached XP level 9. HP: 45/65 MP: 12/15
  6280 | D:9      | Found an ancient bone altar of Kikubaaqudgha.
  6281 | D:9      | Found a blossoming altar of Fedhas.
  6978 | D:8      | Found a staircase to the Lair.
  7003 | D:8      | Found a hide-covered altar of Uskayaw.
  7250 | D:8      | Reached *** piety under Wu Jian
  7514 | D:8      | Reached skill level 5 in Translocations
  7964 | D:7      | Learned a level 2 spell: Passwall
  8105 | D:7      | Reached skill level 5 in Fighting
  8105 | D:7      | Gained mutation: Your demonic aura often causes spilled
                  | blood to erupt in flames. [demonic ancestry]
  8105 | D:7      | Reached XP level 10. HP: 51/74 MP: 9/17
  8563 | D:6      | Found an opulent altar of Gozag.
  8697 | D:6      | Found a sacrificial altar of Ru.
  8755 | D:6      | Found a burning altar of Makhleb.
  8761 | D:6      | Found a broken altar of Ashenzari.
  9187 | D:10     | Entered Level 10 of the Dungeon
  9187 | D:10     | Noticed a two-headed ogre
  9194 | D:10     | Killed a two-headed ogre
  9291 | D:10     | Reached skill level 5 in Short Blades
  9354 | D:10     | Noticed Sonja
  9360 | D:10     | Succumbed to Sonja's poison

Illustrated notes

Levels and vault maps discovered:
D:1:      psy_arrival_conway, layout_basic,
          hellmonk_ecumenical_altar_arch_garden, minmay_tripent
D:2:      layout_basic, basic_altar
D:3:      layout_loops_ring
D:4:      layout_layer_cave, jmf_multi_god_temple2,
          minmay_temple_entry_nine_rooms, minmay_misc_feat_alley
D:5:      layout_layer_cave, overflow_temple_1_default, general_overflow_altar,
          nicolae_ossuary_entry_plus, reono_crystal_passage
D:6:      layout_basic, mainiacjoe_overflow_24_doors, minitemple,
          old_standard_altar, nicolae_underground_beach
D:7:      layout_loops_ring
D:8:      layout_loops_corners, nicolae_uskayaw_murder_on_the_dancefloor,
          dpeg_oklobed_lair
D:9:      layout_roguey, grunt_temple_overflow_growth_and_decay
D:10:     layout_roguey, good_gods_temple_1, slow_altar_2, uniq_sonja
Temple:   nicolae_temple_bog_church

Skill      XL: |  1  2  3  4  5  6  7  8  9 10 |
---------------+-------------------------------+-----
Armour         | 1 2 3 4 |  4.5
Short Blades   | 2 3 4 5 |  5.0
Dodging        | 2 3 4 |  4.9
Stealth        | 1 2 3 4 |  4.8
Translocations | 3 4 5 |  5.2
Air Magic      | 1 2 3 4 |  4.2
Hexes          | 1 2 3 4 |  4.5
Fighting       | 3 4 5 |  5.2
Spellcasting   | 3 4 |  4.9
Evocations     | 1 2 |  2.9
Throwing       | |  0.8

Action                     |  1- 3 |  4- 6 |  7- 9 | 10-12 || total
---------------------------+-------+-------+-------+-------++-------
  Melee: Short sword       |   155 |   147 |   180 |       ||   482
         Punch             |     1 |     1 |     9 |     1 ||    12
         Rapier            |       |       |   293 |    47 ||   340
  Throw: Boomerang         |     1 |       |       |       ||     1
   Cast: Lesser Beckoning  |     2 |       |       |       ||     2
         Blink             |       |     1 |     9 |     2 ||    12
         Vhi's Electric Ch |       |       |    30 |    13 ||    43
         Manifold Assault  |       |       |    23 |     4 ||    27
Ability: Lunge             |       |     5 |    11 |     7 ||    23
         Whirlwind         |       |       |    69 |     2 ||    71
  Evoke: Wand              |       |       |     1 |       ||     1
    Use: Scroll            |     6 |     6 |    12 |     2 ||    26
         Potion            |       |     1 |     2 |     1 ||     4
   Stab: Sleeping          |     1 |     7 |     5 |     2 ||    15
 Armour: Leather armour    |    54 |    69 |   152 |    16 ||   291
  Dodge: Dodged            |    90 |    95 |   231 |    34 ||   450
